 Dungeon Sprint DCSS version 0.29-a0-221-gceb61267dd (webtiles) character file.

Game seed: 6143069830749298352

1562 mhtbhm the Geomancer (level 8, -10/42 HPs)
             Began as a Deep Elf Earth Elementalist on Feb 26, 2022.
             Was a High Priest of Vehumet.
             Mangled by a wolf spider (11 damage)
             ... in the Dungeon (Sprint V: "Ziggurat Sprint").
             The game lasted 00:04:17 (591 turns).

mhtbhm the Geomancer (Deep Elf Earth Elementalist)   Turns: 591, Time: 00:04:17

Health: -10/42     AC:  5    Str:  5    XL:     8   Next: 58%
Magic:  4/25       EV: 16    Int: 35    God:    Vehumet [*****.]
Gold:   0          SH:  0    Dex: 15    Spells: 2/30 levels left

rFire   + . .      SeeInvis .   D - +8 lance "Wyrmbane" {slay drac, rPois rF+ rC+ AC+3}
rCold   + . .      Faith    .   (no shield)
rNeg    . . .      Spirit   .   b - +0 robe
rPois   +          Reflect  .   (no helmet)
rElec   .          Harm     .   (no cloak)
rCorr   .          Rampage  .   (no gloves)
Will    .....      NoTele   +   (no boots)
Stlth   +++.......              (no amulet)
HPRegen 0.14/turn               y - +6 ring of intelligence
MPRegen 0.19/turn               z - +6 ring of intelligence

@: no status effects
A: no striking features
a: Renounce Religion


You were in the Dungeon.
You worshipped Vehumet.
Vehumet was extremely pleased with you.
You visited 1 branch

Inventory:

Hand Weapons
 D - the +8 lance "Wyrmbane" (weapon) {slay drac, rPois rF+ rC+ AC+3}
   (You found it in the Dungeon)

   It inflicts extra damage against dragons and draconians.
   AC:        It affects your AC (+3).
   rF:        It protects you from fire.
   rC:        It protects you from cold.
   rPois:     It protects you from poison.
Missiles
 a - 29 stones
Armour
 b - a +0 robe (worn)
Jewellery
 v - the ring of Vuduvoe {Ice rPois rN++ rCorr Dex-4}
   (You found it in the Dungeon)

   [ring of ice]

   It enhances your ice magic.
   Dex:       It affects your dexterity (-4).
   rF:        It makes you vulnerable to fire.
   rC:        It protects you from cold.
   rPois:     It protects you from poison.
   rN:        It greatly protects you from negative energy.
   rCorr:     It protects you from acid and corrosion.
 y - a +6 ring of intelligence (left hand)
 z - a +6 ring of intelligence (right hand)
Wands
 s - a wand of mindburst (7)
 u - a wand of acid (3)
Scrolls
 h - 4 scrolls of blinking
 n - 4 scrolls of amnesia
 o - 7 scrolls of fog
 p - a scroll of holy word
 q - 5 scrolls of identify
 r - a scroll of fear
Potions
 c - 10 potions of curing
 d - 9 potions of heal wounds
 e - 6 potions of haste
 f - 7 potions of magic
 g - a potion of berserk rage
 i - 2 potions of brilliance
 j - 2 potions of invisibility
 k - 4 potions of resistance
 l - a potion of experience
 m - 5 potions of might
Miscellaneous
 C - a lightning rod (4/4)


   Skills:
 + Level 0.7 Fighting
 + Level 3.2 Polearms
 + Level 9.2 Dodging
 + Level 6.7 Stealth
 + Level 11.5 Spellcasting
 + Level 0.7 Conjurations
 + Level 3.8 Transmutations
 + Level 13.9 Earth Magic
 + Level 6.0 Evocations


You had 2 spell levels left.
You knew the following spells:

 Your Spells              Type           Power      Damage    Failure   Level
a - Sandblast             Erth           100%       2d20      0%          1
b - Passwall              Tmut/Erth      58%        N/A       1%          2
c - Stone Arrow           Conj/Erth      100%       3d13      1%          3
d - Petrify               Tmut/Erth      70%        N/A       1%          4
e - Lee's Rapid Deconstr  Erth           43%        3d22*     1%          5
f - Leda's Liquefaction   Hex/Erth       31%        N/A       1%          4
g - Inner Flame           Hex/Fire       20%        N/A       1%          3
h - Iron Shot             Conj/Erth      32%        9d7       4%          6

Your spell library contained the following spells:

 Spells                   Type           Power      Damage    Failure   Level
 Frozen Ramparts          Ice            40%        1d6       1%          3
 Foxfire                  Conj/Fire      88%        2x1d8     1%          1
 Poisonous Vapours        Pois/Air       40%        N/A       1%          2
 Scorch                   Fire           40%        2d7       1%          2
 Corpse Rot               Necr/Air       40%        N/A       3%          2
 Conjure Flame            Conj/Fire      22%        6-21      1%          3
 Borgnjor's Vile Clutch   Necr/Erth      31%        N/A       3%          5
 Flame Wave               Conj/Fire      22%        2d7       5%          4
 Summon Cactus Giant      Summ           10%        N/A       97%         6


Dungeon Overview and Level Annotations

Branches:
Dungeon (1/1)

Altars:
Ashenzari
Cheibriados
Dithmenos
Elyvilon
Fedhas
Gozag
Hepliaklqana
Kikubaaqudgha
Makhleb
Nemelex Xobeh
Okawaru
Qazlal
Ru
Sif Muna
Trog
Uskayaw
Vehumet
Wu Jian
Xom
Yredelemnul
Zin
The Shining One
Beogh
Jiyva
Lugonu


Message History

Press: ? - help, Dir - move target, f/p - wolf spider Fragment what (e.g. wall or brittle monster)?: a wolf spider (petrifying slowly)
The wolf spider shatters!!!
The wolf spider is heavily wounded.
The blast of petrified fragments hits the scorpion!!!
You kill the scorpion!
Vehumet accepts your kill.
You feel your power returning.
The blast of petrified fragments hits the wolf spider!!
The wolf spider is heavily wounded.
Your Evocations skill increases to level 6!
Unknown command.
The wolf spider misses you. The wolf spider closely misses you.
The wolf spider completely misses you. The wolf spider bites you.
The wolf spider stops moving altogether!
The wolf spider barely misses you. The wolf spider bites you.
Casting: Lee's Rapid Deconstruction (safe; 1% risk of failure)
Confirm with . or Enter, or press ? or * to list all spells.
Aiming: Petrify (dangerous; 1% risk of failure)
Press: ? - help, Shift-Dir - straight line, f/p - wolf spider
Aim: a wolf spider (heavily wounded, petrified, chance to affect: 78%)
Okay, then.
Casting: Petrify (dangerous; 1% risk of failure)
Confirm with . or Enter, or press ? or * to list all spells.
Aiming: Lee's Rapid Deconstruction (safe; 1% risk of failure)
Press: ? - help, Dir - move target, f/p - wolf spider Fragment what (e.g. wall or brittle monster)?: a wolf spider (heavily wounded, petrified)
The wolf spider shatters!!!
The wolf spider is almost dead.
The blast of petrified fragments hits the wolf spider!!
The wolf spider is severely wounded.
The blast of petrified fragments hits the scorpion!!!
You kill the scorpion!
Vehumet accepts your kill. The wolf spider hits you!!
* * * LOW HITPOINT WARNING * * *
The wolf spider barely misses you. The wolf spider hits you!
* * * LOW HITPOINT WARNING * * *
The wolf spider bites you!
You die...

▓..?)[..▓
▓..)[)..▓
▓.......▓
▓.......▓
▓.......▓
▓....s..▓
▓.▓.ss▓.▓
▓...©.@.▓
▓▓▓▓▓▓▓▓▓


You could see 2 wolf spiders and a scorpion.

Vanquished Creatures
  2 rime drakes (D)
  A slime creature (D)
  A jumping spider (D)
  2 steam dragons (D)
  A floating eye (D)
  A hell hound (D)
  A small abomination (D)
  2 scorpions (D)
  A quasit (D)
  2 orc priests (D)
  A jelly (D)
  2 orcs (D)
  2 endoplasms (D)
  A quokka skeleton (D)
  A quokka zombie (D)
21 creatures vanquished.

Notes
Turn   | Place    | Note
-------+----------+-------------------------------------------
     0 | D        | mhtbhm the Deep Elf Earth Elementalist began the quest for
                  | the Orb.
     0 | D        | Reached XP level 1. HP: 10/10 MP: 6/6
     0 | D        | Found a shimmering blue altar of Sif Muna.
     0 | D        | Found a bloodstained altar of Trog.
     0 | D        | Found a sacrificial altar of Ru.
     0 | D        | Found a stormy altar of Qazlal.
     0 | D        | Found an iron altar of Okawaru.
     1 | D        | Found a sparkling altar of Nemelex Xobeh.
     1 | D        | Found a blossoming altar of Fedhas.
     1 | D        | Found the +6 Majin-Bo {vamp, MP+6 Int+6}
     1 | D        | Found the +9 heavy crossbow "Sniper" {vorpal, Acc+∞ SInv}
     1 | D        | Found the +10 dark maul {vorpal}
     1 | D        | Found the +15 Maxwell's patent armour {-Cast -Tele rElec
                  | Will+ rCorr}
     1 | D        | Found the +18 shield of the Gong {rElec rN+ Will+ EV-5}
     1 | D        | Found the +14 obsidian axe {vorpal, Mesm Drain Fly SInv}
     1 | D        | Found the +7 great mace "Firestarter" {inner flame, rF++}
     1 | D        | Found the +6 shillelagh "Devastator" {shatter}
     1 | D        | Found the +11 plutonium sword {Contam Stlth-}
     1 | D        | Found the +8 lance "Wyrmbane" {slay drac, rPois rF+ rC+
                  | AC+3}
     1 | D        | Found the +9 sword of Zonguldrok {reap}
     1 | D        | Found the +13 scythe of Curses {drain, Drain}
     1 | D        | Found the +5 sword of Power {vorpal}
     1 | D        | Found the +7 mace of Variability {chain chaos}
     1 | D        | Found the +7 Singing Sword {vorpal, sonic wave}
     1 | D        | Found the +8 storm bow {elec, penet}
     3 | D        | Found a transporter.
     3 | D        | Found an ancient bone altar of Kikubaaqudgha.
     3 | D        | Found a viscous altar of Jiyva.
     3 | D        | Found a corrupted altar of Lugonu.
     3 | D        | Found a hazy altar of Hepliaklqana.
     3 | D        | Found a burning altar of Makhleb.
     3 | D        | Found an opulent altar of Gozag.
    45 | D        | Became a worshipper of Vehumet
    69 | D        | Entered arena 2.
    69 | D        | Noticed a quasit
    69 | D        | Noticed a small abomination
    69 | D        | Found a transporter.
    73 | D        | Killed a quasit
    74 | D        | Reached skill level 6 in Earth Magic
    74 | D        | Reached XP level 2. HP: 15/15 MP: 6/9
    74 | D        | Reached XP level 3. HP: 19/19 MP: 7/11
    77 | D        | Killed a small abomination
    78 | D        | Reached skill level 5 in Spellcasting
    78 | D        | Reached skill level 7 in Earth Magic
    78 | D        | Reached XP level 4. HP: 24/24 MP: 7/13
   122 | D        | Learned a level 2 spell: Passwall
   126 | D        | Learned a level 3 spell: Stone Arrow
   131 | D        | Learned a level 4 spell: Petrify
   131 | D        | Entered arena 3.
   131 | D        | Noticed a hell hound
   131 | D        | Found a transporter.
   134 | D        | Reached * piety under Vehumet
   134 | D        | Offered knowledge of Shock by Vehumet.
   145 | D        | Killed a hell hound
   145 | D        | Reached ** piety under Vehumet
   146 | D        | Reached skill level 5 in Dodging
   146 | D        | Reached skill level 9 in Earth Magic
   146 | D        | Reached skill level 1 in Evocations
   146 | D        | Reached XP level 5. HP: 25/28 MP: 10/16
   187 | D        | Entered arena 4.
   187 | D        | Noticed a rime drake
   187 | D        | Noticed a steam dragon
   187 | D        | Noticed a rime drake
   187 | D        | Noticed a steam dragon
   187 | D        | Found a transporter.
   193 | D        | Killed a steam dragon
   194 | D        | Reached skill level 1 in Polearms
   194 | D        | Reached skill level 5 in Stealth
   194 | D        | Reached skill level 10 in Earth Magic
   194 | D        | Reached XP level 6. HP: 32/32 MP: 16/19
   196 | D        | Killed a steam dragon
   197 | D        | Reached skill level 11 in Earth Magic
   200 | D        | Killed a rime drake
   201 | D        | Reached skill level 10 in Spellcasting
   201 | D        | Reached skill level 12 in Earth Magic
   201 | D        | Reached XP level 7. HP: 36/36 MP: 19/22
   202 | D        | Killed a rime drake
   202 | D        | Reached *** piety under Vehumet
   343 | D        | Got the Collected Works on the Rocks
   345 | D        | Got the ring of Vuduvoe {Ice rPois rN++ rCorr Dex-4}
   357 | D        | Learned a level 5 spell: Lee's Rapid Deconstruction
   362 | D        | Learned a level 4 spell: Leda's Liquefaction
   366 | D        | Learned a level 3 spell: Inner Flame
   371 | D        | Entered arena 5.
   371 | D        | Found the +5 robe of Misfortune {Harm *Corrode *Slow EV+5}
   371 | D        | Found a transporter.
   373 | D        | Offered knowledge of Magic Dart by Vehumet.
   376 | D        | Reached XP level 8. HP: 27/41 MP: 17/24
   495 | D        | Entered arena 6.
   495 | D        | Noticed a slime creature
   495 | D        | Found a transporter.
   497 | D        | Reached **** piety under Vehumet
   498 | D        | Reached skill level 13 in Earth Magic
   498 | D        | Reached skill level 5 in Evocations
   506 | D        | Offered knowledge of Frozen Ramparts by Vehumet.
   506 | D        | Killed a slime creature
   580 | D        | Learned a level 6 spell: Iron Shot
   583 | D        | Entered arena 7.
   583 | D        | Noticed a wolf spider
   583 | D        | Noticed a wolf spider
   583 | D        | Noticed a jumping spider
   586 | D        | Killed a jumping spider
   586 | D        | Reached ***** piety under Vehumet
   591 | D        | HP: 1/42 [wolf spider (11)]
   591 | D        | Mangled by a wolf spider

Illustrated notes

Levels and vault maps discovered:
D:        sprint_v [room_start, room_1, room_2, room_3, room_4, room_5, room_6,
          room_7, room_8, room_9, room_10, room_11, room_12, room_13, room_14,
          room_15, room_16, room_17, room_18, room_19, room_20, room_21,
          room_22, room_23, room_24, room_25, room_26, room_27]

Skill      XL: |  1  2  3  4  5  6  7  8 |
---------------+-------------------------+-----
Dodging        | 3 4 5 6 8 9 |  9.2
Stealth        | 3 4 5 6 |  6.7
Spellcasting   | 4 5 7 8 10 11 | 11.5
Earth Magic    | 6 7 9 10 12 13 | 13.9
Evocations     | 1 2 4 6 |  6.0
Polearms       | 1 2 3 |  3.2
Transmutations | 2 3 |  3.8
Fighting       | |  0.7
Conjurations   | |  0.7

Action                   |  1- 3 |  4- 6 |  7- 9 || total
-------------------------+-------+-------+-------++-------
Melee: Lance             |     7 |     3 |     2 ||    12
 Cast: Petrify           |       |     2 |     4 ||     6
       Sandblast         |       |     1 |       ||     1
       Lee's Rapid Decon |       |       |     7 ||     7
       Stone Arrow       |       |       |     1 ||     1
Evoke: Wand              |       |     9 |     2 ||    11
       Lightning rod     |       |     2 |     3 ||     5
  Use: Potion            |     1 |     2 |       ||     3
       Scroll            |       |     1 |       ||     1
Armor: Robe              |     3 |       |       ||     3
Dodge: Dodged            |     8 |     6 |     8 ||    22

Table legend: (Time is in decaauts)
 A = Elapsed time spent in this place.
 B = Non-inter-level travel time spent in this place.
 C = Inter-level travel time spent in this place.
 D = Time resting spent in this place.
 E = Time spent auto-exploring this place.
 F = Levels seen in this place.
 G = Mean time per level.
                   A        B        C        D        E       F      G
               +--------+--------+--------+--------+--------+-----+--------+
         Total |    610 |    610 |      0 |    379 |      0 |   1 |  610.0 |
       Dungeon |    610 |    610 |      0 |    379 |      0 |   1 |  610.0 |
               +--------+--------+--------+--------+--------+-----+--------+

Top non-repeatable levels by time:
       D: 610 daAuts
